AoeStats
← RW

Arabia

503261298Analyzed
3v3 RM · 1mo ago on Aug 30, 2026· 23m 39s· 6 players
Game mode
Random Map
Map size
Normal (6 player)
Population
200
Speed
Normal
Resources
Standard
Victory
Conquest
Starting age
Dark Age
Ending age
Imperial Age
RankedLock teamsTeams togetherTeam positionsShared explorationLock speedFull tech treeHidden civsTurbo modeCheats
Victory
Defeat
🇺🇸 Italians · United States
978
+11
🇺🇸 Franks · United States
861
+17
🇺🇸 Huns · United States
746
+22
🇧🇷 Teutons · Brazil
899
-18
🇱🇧 Khmer · Lebanon
865
-16
🇦🇷 Franks · Argentina
856
-16
Nutpunch_billy19
3:30 Loom
14:20 Feudal Age
15:43 Wheelbarrow
14:54 Town Watch
14:48 Man-at-Arms
17:16 Double-Bit Axe
19:44 Arson
22:47 Bloodlines
Kodstah
7:45 Loom
10:16 Feudal Age
19:38 Castle Age
19:34 Double-Bit Axe
RW
4:28 Loom
10:59 Feudal Age
13:10 Man-at-Arms
13:49 Double-Bit Axe
19:07 Castle Age
17:42 Gold Mining
17:34 Horse Collar
19:25 Scale Barding Armor
19:31 Forging
23:47 Stone Mining
Branks
0:51 Loom
3:09 Loom
15:10 Feudal Age
21:43 Castle Age
20:36 Town Watch
21:16 Fletching
COSTAMDP
4:05 Loom
12:10 Feudal Age
23:19 Forging
&hix
12:15 Feudal Age
13:10 Double-Bit Axe
16:29 Castle Age
15:06 Horse Collar
17:05 Loom
Connection lost

Rejoining the realm…

Still unreachable

The connection could not be restored.

Session expired

The server has moved on; the page needs a fresh start.